[Event "Titled Tuesday Blitz August 24 2021"]
[White "Tarigan, Gilbert Elroy"]
[Black "Tokhirjonova, Gulrukhbegim"]
[WhiteFideId "7108133"]
[BlackFideId "14203626"]
[WhiteElo "1908"]
[BlackElo "2236"]
[Result "1-0"]
[Round "08"]
[TimeControl "180+1"]
[Date "2021.08.24"]
[WhiteClock "0:00:06"]
[BlackClock "0:00:23"]

1. c4 e6 2. Nc3 d5 3. d4 Be7 4. Nf3 Nf6 5. cxd5 Nxd5 6. e4 Nxc3 7. bxc3 c5 8. Bd3 cxd4 9. cxd4 Nc6 10. O-O h6 11. Bb2 O-O 12. Rc1 Bd7 13. Qe2 Qb6 14. d5 Nb4 15. Bd4 Qa5 16. Ne5 Nxd3 17. Nxd7 Nxc1 18. Qg4 Ne2+ 19. Qxe2 Rfd8 20. Qg4 Bg5 21. dxe6 Qd2 22. exf7+ Kxf7 23. Ne5+ Kg8 24. Qe6+ Kh7 25. Qg6+ Kg8 26. Nf3 Qxd4 27. Nxd4 Rxd4 28. f4 Be7 29. Qe6+ Kf8 30. f5 Rad8 31. g3 Bc5 32. Kg2 Re8 33. Qg6 Rd2+ 34. Kh3 Bd4 35. f6 gxf6 36. Rxf6+ Bxf6 37. Qxf6+ Kg8 38. Qg6+ Kf8 39. Qxh6+ Kf7 40. Qxd2 Rxe4 41. Qf2+ Ke6 42. Qxa7 Rb4 43. Qe3+ Kd5 44. g4 Re4 45. Qxe4+ Kxe4 46. Kh4 1-0


[Site "https://www.chess.com"]

[Event "Titled Tuesday Blitz August 24 2021"]
[White "Tikhonov, Viacheslav"]
[Black "Tsaruk, Maksim"]
[WhiteFideId "44196407"]
[BlackFideId "13511173"]
[WhiteElo "1773"]
[BlackElo "2184"]
[Result "1/2-1/2"]
[Round "08"]
[TimeControl "180+1"]
[Date "2021.08.24"]
[WhiteClock "0:00:25"]
[BlackClock "0:00:05"]

1. c4 Nf6 2. Nc3 e6 3. Nf3 d5 4. e3 a6 5. b3 c5 6. Bb2 dxc4 7. Bxc4 b5 8. Be2 Bb7 9. O-O Nc6 10. d4 cxd4 11. exd4 Be7 12. a4 b4 13. Nb1 O-O 14. Nbd2 Nd5 15. Nc4 Nc3 16. Qd3 Nxd4 17. Nxd4 Qxd4 18. Qxd4 Nxe2+ 19. Kh1 Nxd4 20. Bxd4 Rfd8 21. Rfd1 Be4 22. Bb6 Rxd1+ 23. Rxd1 Bc2 24. Rd7 Bf6 25. Na5 Rc8 26. Rc7 Rxc7 27. Bxc7 Bd4 28. f3 Bc5 29. Nb7 Be7 30. Na5 f6 31. Kg1 Kf7 32. Kf2 e5 33. Ke2 h5 34. Kd2 Bf5 35. Nc6 Bc5 36. Nb8 Bc8 37. Nc6 h4 38. h3 Kg6 39. Ba5 Bb7 40. Bxb4 Bg1 41. Ne7+ Kg5 42. Bd6 Kf4 43. Ke2 a5 44. Bc7 Ba6+ 45. Ke1 g5 46. Bxa5 Kg3 47. Nd5 Kxg2 48. Nxf6 Kxh3 49. Ne4 Kg2 50. Nxg5 Bf2+ 51. Kd2 Bg3 52. Bc7 Bf4+ 53. Kc3 Bxg5 54. Bxe5 h3 55. b4 Bh4 56. b5 Bb7 57. a5 Bg3 58. Bxg3 Kxg3 59. a6 Bxf3 60. b6 h2 61. b7 h1=Q 62. b8=Q+ Kf2 63. Qb2+ Be2 64. Qb6+ Ke1 65. Qb1+ Bd1 66. Qb4 Qc6+ 67. Qc4 Qf6+ 68. Qd4 Qxa6 69. Qd2+ Kf1 70. Qxd1+ Kf2 71. Qd2+ Qe2 72. Qd3 Qxd3+ 73. Kxd3 1/2-1/2


[Site "https://www.chess.com"]

[Event "Titled Tuesday Blitz August 24 2021"]
[White "Timmermans, Mark"]
[Black "Indjic, Aleksandar"]
[WhiteFideId "1026399"]
[BlackFideId "911925"]
[WhiteElo "2460"]
[BlackElo "2643"]
[Result "1/2-1/2"]
[Round "08"]
[TimeControl "180+1"]
[Date "2021.08.24"]
[WhiteClock "0:00:16"]
[BlackClock "0:00:05"]

1. b4 g6 2. Bb2 Nf6 3. c4 Bg7 4. a4 O-O 5. b5 d6 6. e3 e5 7. Nc3 c6 8. Nf3 Re8 9. Be2 d5 10. d4 e4 11. Nd2 Nbd7 12. bxc6 bxc6 13. cxd5 cxd5 14. Nb5 Nf8 15. Ba3 h5 16. Rc1 Ne6 17. Nd6 Bd7 18. Nxe8 Qxe8 19. Ra1 Bxa4 20. Qc1 h4 21. O-O h3 22. g3 Ng5 23. Bd6 Bb5 24. Bxb5 Qxb5 25. Bf4 Ne6 26. f3 exf3 27. Rxf3 Ng4 28. Qf1 Qb2 29. Rd1 Qc2 30. Qe1 Re8 31. Rc1 Qd3 32. Be5 Bxe5 33. dxe5 Nxe5 34. Rf2 Ng5 35. Qe2 Qa3 36. Rcf1 a5 37. Qb5 Re7 38. Qb6 Ng4 39. Re2 Rxe3 40. Rxe3 Qxe3+ 41. Qxe3 Nxe3 42. Ra1 d4 43. Rxa5 Ne6 44. Ra8+ Kg7 45. Ra7 Kf6 46. Rd7 g5 47. Nf3 g4 48. Nxd4 Nxd4 49. Rxd4 Kg5 50. Ra4 f5 51. Kf2 Nd5 52. Ra5 Nc3 53. Kg1 Ne4 54. Rb5 Kf6 55. Ra5 Ke6 56. Rb5 Kf6 57. Ra5 Nd2 58. Rb5 Nf3+ 59. Kh1 Nd4 60. Ra5 Ke6 61. Ra4 Nf3 62. Ra6+ Ke5 63. Re6+ Kxe6 1/2-1/2


[Site "https://www.chess.com"]

[Event "Titled Tuesday Blitz August 24 2021"]
[White "Tokman, Ariel"]
[Black "Viani Antonio Dcunha"]
[WhiteFideId "117420"]
[BlackFideId "5027330"]
[WhiteElo "2345"]
[BlackElo "2366"]
[Result "1-0"]
[Round "08"]
[TimeControl "180+1"]
[Date "2021.08.24"]
[WhiteClock "0:00:19"]
[BlackClock "0:00:01"]

1. c4 g6 2. g3 Bg7 3. Bg2 d6 4. Nc3 e5 5. Nf3 Nc6 6. O-O f5 7. Rb1 a5 8. a3 Nf6 9. b4 axb4 10. axb4 O-O 11. b5 Ne7 12. d3 h6 13. Qc2 Be6 14. b6 c6 15. c5 Ned5 16. Nxd5 Nxd5 17. cxd6 Qxd6 18. Nd2 e4 19. Bb2 Nb4 20. Qc1 exd3 21. Bxg7 dxe2 22. Re1 Nd3 23. Qc3 Ra3 24. Bxf8 Qxf8 25. Qd4 Nxe1 26. Rxe1 f4 27. Rxe2 Bg4 28. Re1 fxg3 29. hxg3 h5 30. Ne4 Ra5 31. Nf6+ Kf7 32. Nxg4 hxg4 33. Qxg4 Rf5 34. Qc4+ Kg7 35. Qd4+ Kh7 36. Re4 g5 37. Re6 Qf7 38. Rd6 1-0


[Site "https://www.chess.com"]

[Event "Titled Tuesday Blitz August 24 2021"]
[White "Trent, Lawrence"]
[Black "Kovalev, Vladislav"]
[WhiteFideId "408638"]
[BlackFideId "13504398"]
[WhiteElo "2474"]
[BlackElo "2573"]
[Result "1-0"]
[Round "08"]
[TimeControl "180+1"]
[Date "2021.08.24"]
[WhiteClock "0:00:03"]
[BlackClock "0:00:04"]

1. d4 Nf6 2. Bg5 c5 3. d5 Qb6 4. Nc3 Qxb2 5. Bd2 Qb6 6. e4 d6 7. f4 g6 8. Nf3 Bg7 9. e5 Nfd7 10. Rb1 Qd8 11. e6 fxe6 12. dxe6 Nf6 13. Ng5 O-O 14. Bd3 Nc6 15. O-O d5 16. f5 c4 17. Be2 gxf5 18. Rxf5 Nd4 19. Nf7 Qe8 20. Bh5 Nxf5 21. Nh6+ Nxh6 22. Bxe8 Rxe8 23. Nxd5 Nxd5 24. Bxh6 Bxe6 25. Bxg7 Kxg7 26. Rxb7 Rad8 27. Qd4+ Nf6 28. Qxa7 Kf7 29. h3 Rd2 30. c3 Bd5 31. g4 Bxb7 32. Qxb7 Rxa2 33. Qb5 Rc8 34. g5 Rd2 35. gxf6 Rcd8 36. fxe7 Kxe7 37. Qc5+ Kf6 38. Qc6+ Kf5 39. Qxc4 R8d3 40. Qg4+ Ke5 41. Qh5+ Ke4 42. Qxh7+ Ke3 43. Qe7+ Kf3 44. Qf6+ Ke2 45. Qf5 Kd1 46. h4 Kc1 47. h5 Re3 48. Kf1 Ree2 49. Qf4 Rh2 50. Kg1 Rg2+ 51. Kh1 Kb1 52. Qf1+ Kc2 53. Qxg2 Rxg2 54. Kxg2 1-0


[Site "https://www.chess.com"]

[Event "Titled Tuesday Blitz August 24 2021"]
[White "Tsyhanchuk, Stanislav"]
[Black "Bortnyk, Olexandr"]
[WhiteFideId "13505130"]
[BlackFideId "14120828"]
[WhiteElo "2121"]
[BlackElo "2723"]
[Result "1-0"]
[Round "08"]
[TimeControl "180+1"]
[Date "2021.08.24"]
[WhiteClock "0:00:05"]
[BlackClock "0:00:10"]

1. e4 Nf6 2. e5 Nd5 3. d4 d6 4. c4 dxe5 5. f4 Nxf4 6. Nf3 Ng6 7. h4 h5 8. d5 e4 9. Ng5 Bf5 10. Nc3 e6 11. Qb3 Nd7 12. Qxb7 Rb8 13. Qc6 Ne5 14. Qa4 Bb4 15. Be2 exd5 16. O-O Bg4 17. cxd5 Bxe2 18. Nxe2 O-O 19. Be3 Ng4 20. Bxa7 Bc5+ 21. Bxc5 Nxc5 22. Qd4 Qd6 23. g3 f5 24. Rac1 Nd3 25. Rc6 Qe5 26. Qxe5 Ngxe5 27. Rxc7 Rxb2 28. Nd4 Rfb8 29. Nxf5 Nf3+ 30. Rxf3 exf3 31. Rxg7+ Kh8 32. Nf7# 1-0


[Site "https://www.chess.com"]

[Event "Titled Tuesday Blitz August 24 2021"]
[White "Ulko, Jaroslav"]
[Black "Eynullayev, Altay"]
[WhiteFideId "4116658"]
[BlackFideId "13413562"]
[WhiteElo "2304"]
[BlackElo "2079"]
[Result "1-0"]
[Round "08"]
[TimeControl "180+1"]
[Date "2021.08.24"]
[WhiteClock "0:01:53"]
[BlackClock "0:01:56"]

1. d4 Nf6 2. Nf3 e6 3. c4 b6 4. a3 Ba6 5. e3 d5 6. Nbd2 Be7 7. b3 O-O 8. Bb2 c5 9. Bd3 Nc6 10. O-O Na5 11. Rc1 Rc8 12. Re1 h6 13. Ne5 Nd7 14. Nxd7 Qxd7 15. dxc5 bxc5 16. Qg4 f6 17. Qg6 1-0


[Site "https://www.chess.com"]

[Event "Titled Tuesday Blitz August 24 2021"]
[White "Urazayev, Arystanbek"]
[Black "Prraneeth Vuppala"]
[WhiteFideId "13709810"]
[BlackFideId "46622373"]
[WhiteElo "2321"]
[BlackElo "1759"]
[Result "0-1"]
[Round "08"]
[TimeControl "180+1"]
[Date "2021.08.24"]
[WhiteClock "0:00:17"]
[BlackClock "0:00:05"]

1. e4 e5 2. Nf3 Nc6 3. Bb5 a6 4. Ba4 Nf6 5. d3 b5 6. Bb3 Bc5 7. Nc3 h6 8. Nd5 d6 9. c3 Rb8 10. h3 O-O 11. Nxf6+ Qxf6 12. g4 Be6 13. g5 hxg5 14. Bxg5 Qg6 15. Rg1 Bxb3 16. axb3 f5 17. Nh4 Qh7 18. exf5 Rxf5 19. Nxf5 Qxf5 20. Be3 Bxe3 21. fxe3 Qxh3 22. Qe2 b4 23. c4 a5 24. Kd2 Rf8 25. Qg2 Qxg2+ 26. Rxg2 Rf6 27. Ke2 Kf7 28. Rf1 Ne7 29. Ra1 Nc6 30. Rag1 g6 31. Rf1 Rf5 32. Ke1 Ne7 33. Ke2 Ke6 34. Ra1 e4 35. d4 c5 36. d5+ Ke5 37. Rxa5 g5 38. Ra7 Ng6 39. Rf2 Nf4+ 40. exf4+ gxf4 41. Ra1 e3 42. Rf3 Rh5 43. Ra8 Rh2+ 44. Ke1 Ke4 45. Rf1 Rxb2 46. Re8+ Kd3 47. Rxf4 Rb1# 0-1


[Site "https://www.chess.com"]

[Event "Titled Tuesday Blitz August 24 2021"]
[White "Vazquez, Facundo"]
[Black "Karttunen, Mika"]
[WhiteFideId "3007669"]
[BlackFideId "502081"]
[WhiteElo "1984"]
[BlackElo "2343"]
[Result "1/2-1/2"]
[Round "08"]
[TimeControl "180+1"]
[Date "2021.08.24"]
[WhiteClock "0:00:10"]
[BlackClock "0:00:13"]

1. d4 Nf6 2. c4 e6 3. Nf3 Bb4+ 4. Bd2 Qe7 5. g3 Bxd2+ 6. Nbxd2 d6 7. Bg2 O-O 8. O-O e5 9. d5 a5 10. e4 Na6 11. Ne1 Nc5 12. Qc2 c6 13. Nd3 Nxd3 14. Qxd3 cxd5 15. cxd5 b5 16. Rfc1 Ba6 17. Rc6 Nd7 18. Rac1 Nc5 19. Qe3 a4 20. b4 axb3 21. Nxb3 Na4 22. Nd2 Qd8 23. Rc7 Nc5 24. Rc6 Bb7 25. R6xc5 dxc5 26. Rxc5 Rxa2 27. Rxb5 Ra1+ 28. Bf1 Ba6 29. Rb1 Rxb1 30. Nxb1 Bxf1 31. Kxf1 Qa5 32. Nd2 Qb5+ 33. Kg2 Rb8 34. Nf3 f6 35. Nh4 g6 36. Qf3 Kg7 37. Qg4 Qe8 38. Nf5+ Kh8 39. Ne3 Qe7 40. h4 Rd8 41. h5 Qf7 42. h6 Qe7 43. Qh4 Kg8 44. Ng4 Rf8 45. Qh3 Qd6 46. Ne3 Kh8 47. Nc4 Qc5 48. Ne3 Qe7 49. Qg4 Qf7 50. Qh3 f5 51. exf5 gxf5 52. Qh4 f4 53. Ng4 f3+ 54. Kh2 Qf5 55. Ne3 Qg6 56. Qe7 Qxh6+ 57. Kg1 Qg7 58. Qxg7+ Kxg7 59. g4 Rd8 60. Kh2 Kf6 61. Kg3 e4 62. Kf4 Re8 63. g5+ Kg6 64. Ng4 e3 65. Nxe3 Rf8+ 66. Kg4 Rf7 67. d6 Rd7 68. Nc4 Kg7 69. Kxf3 Rf7+ 70. Kg4 Rxf2 71. Ne5 Rd2 72. d7 Rd6 73. Kf5 Kf8 74. g6 hxg6+ 75. Nxg6+ Kf7 76. Ne5+ Ke7 77. d8=Q+ Kxd8 78. Nf7+ Ke7 79. Nxd6 1/2-1/2


[Site "https://www.chess.com"]

[Event "Titled Tuesday Blitz August 24 2021"]
[White "Vlassov, Nikolai"]
[Black "Moroni, Luca Jr"]
[WhiteFideId "4103360"]
[BlackFideId "865834"]
[WhiteElo "2407"]
[BlackElo "2491"]
[Result "0-1"]
[Round "08"]
[TimeControl "180+1"]
[Date "2021.08.24"]
[WhiteClock "0:00:05"]
[BlackClock "0:00:03"]

1. e4 g6 2. h4 d5 3. exd5 Qxd5 4. h5 Bg7 5. Nc3 Qd6 6. Bc4 Nc6 7. Nge2 Bg4 8. f3 Be6 9. Bb5 O-O-O 10. d3 Nd4 11. Bf4 Qb6 12. a4 a6 13. a5 Qc5 14. Ba4 Nxe2 15. Kxe2 Bxc3 16. bxc3 Nf6 17. hxg6 hxg6 18. Qd2 Nh5 19. Bb3 Bxb3 20. cxb3 Nxf4+ 21. Qxf4 Qxc3 22. Rxh8 Qxd3+ 23. Kf2 Rxh8 24. Rc1 Qd6 25. Rc4 Qxf4 26. Rxf4 f5 27. g4 e6 28. gxf5 gxf5 29. Ke3 Kd7 30. Rb4 Kc6 31. Rc4+ Kd6 32. Rb4 Rb8 33. Kf4 b5 34. axb6 Rxb6 35. Rd4+ Ke7 36. Rd3 Kf6 37. Rc3 Rb4+ 38. Ke3 c5 39. Rxc5 Rxb3+ 40. Kf4 e5+ 41. Kg3 e4 42. Rc6+ Kg5 43. Rxa6 Rxf3+ 44. Kg2 Rb3 45. Ra2 Kg4 46. Ra3 Rxa3 0-1


[Site "https://www.chess.com"]

[Event "Titled Tuesday Blitz August 24 2021"]
[White "Wagh Suyog"]
[Black "Quiroga Garza, Juan Manuel"]
[WhiteFideId "25071688"]
[BlackFideId "5117844"]
[WhiteElo "2219"]
[BlackElo "2003"]
[Result "1-0"]
[Round "08"]
[TimeControl "180+1"]
[Date "2021.08.24"]
[WhiteClock "0:01:00"]
[BlackClock "0:00:34"]

1. e4 c5 2. Nc3 e6 3. f4 g6 4. Nf3 Bg7 5. h4 h5 6. e5 Nc6 7. Ne4 Bf8 8. d4 cxd4 9. Nxd4 d5 10. exd6 Bg7 11. Nb5 Kf8 12. Bc4 a6 13. Nc7 Rb8 14. O-O b5 15. Bb3 Bb7 16. Be3 Nf6 17. Ng5 Qd7 18. Bc5 Nd8 19. Qe2 Rc8 20. Rad1 Qc6 21. Ba3 Nd7 22. Rd2 Kg8 23. Ncxe6 fxe6 24. Bxe6+ Kf8 25. Bxd7 Qxd7 26. Qe7+ Qxe7 27. dxe7+ Ke8 28. exd8=Q+ Rxd8 29. Re1+ 1-0


[Site "https://www.chess.com"]

[Event "Titled Tuesday Blitz August 24 2021"]
[White "Wagner, Dennis"]
[Black "Hovhannisyan, Robert"]
[WhiteFideId "24650684"]
[BlackFideId "13302507"]
[WhiteElo "2355"]
[BlackElo "2669"]
[Result "0-1"]
[Round "08"]
[TimeControl "180+1"]
[Date "2021.08.24"]
[WhiteClock "0:00:18"]
[BlackClock "0:00:10"]

1. d4 Nc6 2. d5 Ne5 3. e4 e6 4. f4 Ng6 5. dxe6 fxe6 6. Be3 Nf6 7. Nc3 Bb4 8. Bd3 O-O 9. Nh3 d5 10. e5 d4 11. Bxg6 dxc3 12. exf6 cxb2+ 13. Kf2 bxa1=Q 14. Bxh7+ Kxh7 15. Qh5+ Kg8 16. Ng5 Rxf6 17. Qh7+ Kf8 18. Qh8+ Ke7 19. Qxg7+ Kd6 20. Rxa1 Kc6 21. Rb1 Bf8 22. Qh7 b6 23. c4 Kb7 24. Qe4+ Kb8 25. c5 Qd5 26. Qxd5 exd5 27. h4 Bf5 28. Rb2 Kb7 29. h5 Re8 30. Bd4 Rc6 31. Nf3 Bxc5 32. Bxc5 Rxc5 33. Nd4 Bg4 34. h6 Re4 35. h7 Re8 36. f5 Rh8 37. Kg3 Bxf5 38. Nxf5 Rxh7 39. Kf4 Rc4+ 40. Ke5 Rd7 41. Rd2 Re4+ 42. Kf6 Rg4 43. Ke6 Rd8 44. Ke7 Rdg8 45. Rxd5 Rxg2 46. Kd7 Rf8 47. Ne7 Rf7 48. Re5 Rgg7 49. a4 Rxe7+ 50. Rxe7 Rxe7+ 51. Kxe7 c5 52. Kd6 c4 0-1


[Site "https://www.chess.com"]

[Event "Titled Tuesday Blitz August 24 2021"]
[White "Weetik, Vjacheslav"]
[Black "Potapova, Margarita"]
[WhiteFideId "4153472"]
[BlackFideId "14126869"]
[WhiteElo "2752"]
[BlackElo "2594"]
[Result "1-0"]
[Round "08"]
[TimeControl "180+1"]
[Date "2021.08.24"]
[WhiteClock "0:00:06"]
[BlackClock "0:00:11"]

1. d4 Nf6 2. Bf4 g6 3. Nf3 Bg7 4. Nc3 O-O 5. Qd2 c5 6. d5 d6 7. Bh6 e6 8. Bxg7 Kxg7 9. O-O-O e5 10. e4 a6 11. h3 b5 12. Qe3 Nbd7 13. g4 c4 14. Ne2 Nc5 15. Ng3 Na4 16. Rg1 c3 17. b3 Qa5 18. Kb1 Qb4 19. Ka1 Nc5 20. Qc1 Ncxe4 21. a3 Qc5 22. g5 Nxd5 23. Nxe4 Bf5 24. Nxc5 1-0


[Site "https://www.chess.com"]

[Event "Titled Tuesday Blitz August 24 2021"]
[White "Wieczorek, Oskar"]
[Black "Mezentsev, Ivan"]
[WhiteFideId "1133950"]
[BlackFideId "13706195"]
[WhiteElo "2258"]
[BlackElo "2295"]
[Result "1-0"]
[Round "08"]
[TimeControl "180+1"]
[Date "2021.08.24"]
[WhiteClock "0:00:01"]
[BlackClock "0:00:01"]

1. e4 d5 2. exd5 Nf6 3. Nf3 Nxd5 4. d4 g6 5. Be2 Bg7 6. O-O O-O 7. c4 Nb6 8. Nc3 Nc6 9. Be3 e5 10. dxe5 Nxe5 11. Nxe5 Bxe5 12. c5 Nd7 13. Qd5 c6 14. Qc4 Nf6 15. Bh6 Re8 16. Rad1 Qe7 17. Rfe1 Be6 18. Qb4 Nd7 19. Bf3 a5 20. Qe4 Bf5 21. Qe3 Qxc5 22. Qc1 a4 23. a3 Nf6 24. h3 Bd4 25. Rf1 Ne4 26. Bxe4 Bxe4 27. Qf4 f5 28. Nxe4 Rxe4 29. Qd2 Rae8 30. Rc1 Qe5 31. Qc2 Re2 32. Qxa4 Bxb2 33. Rb1 b5 34. Qb3+ Re6 35. Rfd1 Bd4 36. Qd3 Bxf2+ 37. Kh1 Qd5 38. Qc3 Qe5 39. Qa5 Bg3 40. Rd8+ Re8 41. Rxe8+ Qxe8 42. Bd2 1-0


[Site "https://www.chess.com"]

[Event "Titled Tuesday Blitz August 24 2021"]
[White "Yeletsky, Ivan"]
[Black "Kekelidze, Mikheil"]
[WhiteFideId "24180327"]
[BlackFideId "13600818"]
[WhiteElo "2344"]
[BlackElo "2387"]
[Result "1-0"]
[Round "08"]
[TimeControl "180+1"]
[Date "2021.08.24"]
[WhiteClock "0:01:19"]
[BlackClock "0:00:16"]

1. c4 e5 2. Nc3 Nf6 3. Nf3 Nc6 4. e3 Bb4 5. Qc2 Bxc3 6. bxc3 O-O 7. e4 d6 8. g3 a6 9. Nh4 Rb8 10. a4 b6 11. d3 Be6 12. Be2 Nd7 13. O-O Ne7 14. a5 b5 15. cxb5 axb5 16. d4 c6 17. dxe5 Nxe5 18. f4 N5g6 19. f5 Nxh4 20. fxe6 Nhg6 21. exf7+ Rxf7 22. Rxf7 Kxf7 23. Qa2+ d5 24. Be3 Ne5 25. a6 Nc4 26. a7 Ra8 27. Bc5 Ng6 28. Rf1+ Kg8 29. exd5 Qxd5 30. Bxc4 bxc4 31. Qf2 h5 32. Qf5 Ne5 33. Bd4 Nd7 34. Qg6 Qxd4+ 35. cxd4 Rxa7 36. Qd6 Nf6 37. Qe6+ Kh7 38. Qxc4 Rd7 39. Qc2+ Kh6 40. Qxc6 Rf7 41. d5 Kg6 42. Qe6 Rb7 43. d6 Rb6 44. Rxf6+ gxf6 45. Qe8+ Kf5 46. d7 Rb1+ 47. Kf2 Rb2+ 48. Ke1 Rb4 49. Kd2 Rd4+ 50. Kc3 Rd6 51. d8=Q Rxd8 52. Qxd8 Kg4 53. Qd4+ Kf3 54. Qh4 f5 55. Qxh5+ Ke4 56. Qh4+ f4 57. Qxf4+ Kd5 58. h4 Ke6 59. h5 Kd5 60. h6 Ke6 61. h7 Ke7 62. g4 Ke6 63. g5 Kd5 64. g6 1-0


[Site "https://www.chess.com"]

[Event "Titled Tuesday Blitz August 24 2021"]
[White "Zhou, Jianchao"]
[Black "Zhigalko, Sergei"]
[WhiteFideId "8603537"]
[BlackFideId "13502956"]
[WhiteElo "2462"]
[BlackElo "2662"]
[Result "1/2-1/2"]
[Round "08"]
[TimeControl "180+1"]
[Date "2021.08.24"]
[WhiteClock "0:00:06"]
[BlackClock "0:00:04"]

1. d4 Nf6 2. c4 e6 3. Nf3 b6 4. a3 Ba6 5. Qb3 Nc6 6. Qc2 Bb7 7. e4 d6 8. Nc3 Nd7 9. Be3 Be7 10. Be2 O-O 11. O-O e5 12. d5 Ncb8 13. b4 a5 14. Na4 axb4 15. axb4 Na6 16. Qb3 Kh8 17. Ra3 f5 18. exf5 Rxf5 19. Rfa1 Rf8 20. Nc3 Qc8 21. Ra4 h6 22. Qa3 Nf6 23. Nh4 Qe8 24. c5 dxc5 25. bxc5 Nxc5 26. Rxa8 Bxa8 27. Qxa8 Qxa8 28. Rxa8 Rxa8 29. Ng6+ Kh7 30. Nxe7 Ra1+ 31. Bf1 Ng4 32. Bxc5 bxc5 33. h3 Nh2 34. Kxh2 Rxf1 35. Kg3 Rc1 36. Nb5 c4 37. Nxc7 c3 38. d6 c2 39. Ne6 Rd1 40. Nf8+ Kh8 41. Nfg6+ Kh7 42. Nf8+ Kh8 43. Nfg6+ Kh7 44. Nf8+ 1/2-1/2


[Site "https://www.chess.com"]

[Event "Titled Tuesday Blitz August 24 2021"]
[White "davigator"]
[Black "Jakubowski, Krzysztof"]
[BlackFideId "1112848"]
[WhiteElo "2396"]
[BlackElo "2414"]
[Result "1-0"]
[Round "08"]
[TimeControl "180+1"]
[Date "2021.08.24"]
[WhiteClock "0:01:15"]
[BlackClock "0:00:01"]

1. e4 c5 2. Nf3 d6 3. d4 cxd4 4. Nxd4 Nf6 5. Nc3 a6 6. Bg5 e6 7. f4 Be7 8. Qf3 Qc7 9. O-O-O Nbd7 10. g4 Rb8 11. h4 b5 12. Bd3 b4 13. Nce2 Nc5 14. Kb1 O-O 15. h5 b3 16. Nxb3 h6 17. Bxf6 Bxf6 18. g5 hxg5 19. fxg5 Bxg5 20. h6 g6 21. h7+ Kh8 22. Rdg1 Qe7 23. Rf1 e5 24. Rhg1 Ne6 25. Bc4 Nf4 26. Nxf4 Bxf4 27. Nc1 Qc7 28. Bb3 f6 29. Nd3 g5 30. Qh5 Qe7 31. c3 Be6 32. Nb4 a5 33. Bxe6 axb4 34. Bb3 bxc3 35. bxc3 Rfc8 36. Rf3 Qe6 37. Kc2 Rxb3 38. axb3 d5 39. Qg6 d4 40. Ra1 dxc3 41. Ra7 1-0


[Site "https://www.chess.com"]

[Event "Titled Tuesday Blitz August 24 2021"]
[White "sganerdene"]
[Black "Baches Garcia, Guillermo"]
[BlackFideId "2209764"]
[WhiteElo "2653"]
[BlackElo "2493"]
[Result "0-1"]
[Round "08"]
[TimeControl "180+1"]
[Date "2021.08.24"]
[WhiteClock "0:00:50"]
[BlackClock "0:00:06"]

1. e4 c5 2. Nf3 d6 3. d4 cxd4 4. Nxd4 Nf6 5. Nc3 Nc6 6. Bg5 e6 7. Qd2 h6 8. Nxc6 bxc6 9. Bf4 e5 10. Bg3 Be7 11. Bc4 O-O 12. Bb3 Ba6 13. f3 Nh5 14. Bf2 Bg5 15. Be3 Bxe3 16. Qxe3 Qh4+ 17. Qf2 Qg5 18. Qd2 Qh4+ 19. g3 Qg5 20. Qxg5 hxg5 21. Rd1 Rad8 22. Kf2 Nf6 23. Rd2 Rd7 24. Rhd1 Rfd8 25. Ba4 Bb7 26. b4 a6 27. Bb3 Kf8 28. Na4 d5 29. Nc5 Re7 30. c3 Ba8 31. Nxa6 g4 32. Nc5 gxf3 33. Kxf3 g5 34. Ke2 Kg7 35. Rf1 Rh8 36. Kd1 Nxe4 37. Nxe4 dxe4 38. Rdf2 Rf8 39. Rf5 f6 40. h4 Rd8+ 41. Kc2 g4 42. Rxf6 e3 43. R6f5 Rd2+ 44. Kc1 c5 45. Rg5+ Kh7 46. Bg8+ Kh8 47. Rf6 Rg7 48. Bc4 Rxg5 49. hxg5 Be4 50. Rf8+ Kg7 51. Rg8+ Kh7 52. Re8 Rc2+ 53. Kd1 Bf3+ 54. Be2 Rd2+ 55. Kc1 Rxe2 56. bxc5 Rd2 57. Rxe5 Rd1+ 58. Kc2 e2 59. c6 e1=Q 60. Rxe1 Rxe1 61. c7 Re8 62. Kd3 Rc8 63. Kd4 Rxc7 64. c4 Ra7 65. c5 Rxa2 66. Ke5 Bc6 67. Kd6 Ra6 68. Ke5 Kg6 69. Kf4 Bd7 70. Ke5 Rc6 71. Kd5 Kxg5 72. Kd4 Kf5 73. Kd5 Rc8 74. Kd4 Be6 0-1


[Site "https://www.chess.com"]

[Event "Titled Tuesday Blitz August 24 2021"]
[White "Arabidze, Meri"]
[Black "Tokman, Ariel"]
[WhiteFideId "13604040"]
[BlackFideId "117420"]
[WhiteElo "2432"]
[BlackElo "2345"]
[Result "1-0"]
[Round "09"]
[TimeControl "180+1"]
[Date "2021.08.24"]
[WhiteClock "0:00:23"]
[BlackClock "0:00:04"]

1. Nf3 Nf6 2. g3 g6 3. Bg2 Bg7 4. d4 O-O 5. O-O d5 6. c4 Nc6 7. cxd5 Nxd5 8. Nc3 Nb6 9. d5 Na5 10. Qc2 c6 11. dxc6 Nxc6 12. Rd1 Bd7 13. Bf4 e5 14. Be3 Rc8 15. Rac1 Qe8 16. Bc5 Nd4 17. Bxd4 exd4 18. Nxd4 Qe5 19. Nf3 Qa5 20. Qb3 Be6 21. Qc2 Bf5 22. e4 Be6 23. Nd4 Bg4 24. f3 Qc5 25. Qf2 Bd7 26. Nb3 Qb4 27. Kh1 Be6 28. Nd4 Bc4 29. a3 Qe7 30. b3 Ba6 31. b4 Rfd8 32. b5 Qxa3 33. bxa6 Rxc3 34. Ra1 Qc5 35. axb7 Rb8 36. Ra2 Rxb7 37. Rad2 Rb8 38. f4 Re8 39. e5 Rc4 40. Nc6 Qxf2 41. Rxf2 Bf8 42. Nxa7 Rc5 43. Nc6 Na4 44. Rd7 Nc3 45. h4 Rc8 46. Ne7+ Bxe7 47. Rxe7 Kf8 48. Ra7 R5c7 49. Rxc7 Rxc7 50. Kh2 Nb5 51. Rd2 Ke7 52. Kh3 h5 53. Be4 Na3 54. Ra2 Nc4 55. Rc2 Rc8 56. Bb7 Rc7 57. Ba6 Rc6 58. Bxc4 1-0


[Site "https://www.chess.com"]

[Event "Titled Tuesday Blitz August 24 2021"]
[White "Avramidou, Anastasia"]
[Black "Hjartarson, Johann"]
[WhiteFideId "4239873"]
[BlackFideId "2300044"]
[WhiteElo "2183"]
[BlackElo "2502"]
[Result "0-1"]
[Round "09"]
[TimeControl "180+1"]
[Date "2021.08.24"]
[WhiteClock "0:00:13"]
[BlackClock "0:00:45"]

1. Nf3 d6 2. d4 Bg4 3. Nc3 Nf6 4. e4 e6 5. Be2 Be7 6. Be3 O-O 7. h3 Bh5 8. g4 Bg6 9. Nd2 d5 10. e5 Nfd7 11. f4 c5 12. Nf3 Nc6 13. dxc5 Bxc5 14. Bxc5 Nxc5 15. O-O f6 16. Qd2 fxe5 17. fxe5 Qb6 18. Kh2 Ne4 19. Qc1 Nd4 20. Na4 Qc7 21. Qe3 Nxf3+ 22. Bxf3 Qxe5+ 23. Kg1 Qg3+ 24. Kh1 Qxh3+ 25. Kg1 Qg3+ 26. Kh1 Rf4 27. Qe2 Raf8 28. Bg2 Rf2 0-1


[Site "https://www.chess.com"]

[Event "Titled Tuesday Blitz August 24 2021"]
[White "Baches Garcia, Guillermo"]
[Black "FGHSMN"]
[WhiteFideId "2209764"]
[WhiteElo "2504"]
[BlackElo "2711"]
[Result "1/2-1/2"]
[Round "09"]
[TimeControl "180+1"]
[Date "2021.08.24"]
[WhiteClock "0:00:03"]
[BlackClock "0:00:04"]

1. e4 c5 2. Nf3 e6 3. c4 a6 4. Nc3 Qc7 5. Be2 Nf6 6. O-O d6 7. d4 cxd4 8. Nxd4 Be7 9. Be3 O-O 10. f3 b6 11. Qd2 Bb7 12. Rfc1 Nbd7 13. a4 Rac8 14. a5 bxa5 15. Nb3 Rfe8 16. Nxa5 Ba8 17. b4 Qb8 18. Na4 Bd8 19. Nb2 Bc7 20. h3 d5 21. exd5 exd5 22. c5 d4 23. Bg5 Nh5 24. f4 Nxf4 25. Bxa6 Nxg2 26. c6 Ne5 27. Qxg2 Bxa5 28. Bxc8 Rxc8 29. Bf6 Ng6 30. Bxd4 Bxb4 31. Nd3 Bd6 32. Rab1 Qc7 33. Bc5 Bxc5+ 34. Rxc5 Bxc6 35. Rxc6 Qxc6 36. Qxc6 Rxc6 37. Rb8+ Nf8 38. Ne5 Rd6 39. Nc4 Rd1+ 40. Kf2 g6 41. Ne5 Rd5 42. Nc6 Kg7 43. Kf3 Rd6 44. Ne7 Nd7 45. Rb7 Ne5+ 46. Ke4 Re6 47. Kd5 Nf3 48. Nc6 Ng5 49. Ne5 Nxh3 50. Rxf7+ Kg8 51. Kxe6 Ng5+ 52. Ke7 Nxf7 53. Nxf7 Kg7 54. Ke6 h5 55. Ng5 Kh6 56. Kf6 h4 57. Nh3 Kh5 58. Ng5 Kh6 59. Nh3 Kh5 60. Ng5 Kg4 61. Kxg6 Kg3 62. Kh5 h3 63. Nxh3 1/2-1/2


[Site "https://www.chess.com"]